 Dungeon Crawl Stone Soup version 0.26.1-2-gb8aa6d0cf2 (webtiles) character file.

Game seed: 16750306430108248104

30 pokeman the Magician (level 3, 0/20 HPs)
             Began as a Deep Elf Hedge Wizard on Feb 11, 2021.
             Slain by an orc
             ... wielding a +0 dagger
              (3 damage)
             ... on level 2 of the Dungeon.
             The game lasted 00:01:54 (1283 turns).

pokeman the Magician (Deep Elf Hedge Wizard)        Turns: 1283, Time: 00:01:55

Health: 0/20       AC:  3    Str:  7    XL:     3   Next: 5%
Magic:  0/11       EV: 12    Int: 19    God:
Gold:   28         SH:  0    Dex: 14    Spells: 11/12 levels left

rFire    . . .     SeeInvis .   f - +1 hand axe (flame)
rCold    . . .     Faith    .   (no shield)
rNeg     . . .     Spirit   .   e - +0 leather armour
rPois    .         Reflect  .   c - +0 hat
rElec    .         Harm     .   (no cloak)
rCorr    .         Rampage  .   (no gloves)
Will     .....                  (no boots)
Stlth    ++........             (no amulet)
HPRegen  0.06/turn              (no ring)
MPRegen  0.12/turn              (no ring)

@: very slightly contaminated
A: no striking features
a: no special abilities


You were on level 2 of the Dungeon.
You visited 1 branch of the dungeon, and saw 2 of its levels.

You collected 28 gold pieces.

Inventory:

Hand Weapons
 f - a +1 hand axe of flaming (weapon)
Armour
 c - a +0 hat (worn)
 e - a +0 leather armour (worn)
Scrolls
 g - a scroll of enchant armour {unknown}
 h - 2 scrolls of identify {unknown}
 i - a scroll of fear {unknown}
 l - a scroll of amnesia {unknown}
Potions
 a - a potion of attraction {unknown}
 b - a potion of magic {unknown}
 d - 2 potions of haste {unknown}
 j - a potion of heal wounds {unknown}
 k - a potion of brilliance {unknown}


   Skills:
 + Level 0.7 Fighting
 + Level 0.7 Armour
 - Level 2.4 Dodging
 - Level 2.4 Stealth
 * Level 5.1 Spellcasting
 + Level 1.7 Conjurations
 - Level 1.1 Summonings
 - Level 1.1 Translocations


You had 11 spell levels left.
You knew the following spells:

 Your Spells              Type           Power        Failure   Level
a - Magic Dart            Conj           44%          9%          1

Your spell library contained the following spells:

 Spells                   Type           Power        Failure   Level
 Blink                    Tloc           N/A          17%         2
 Call Imp                 Summ           9%           17%         2
 Slow                     Hex            4%           26%         2
 Conjure Flame            Conj/Fire      8%           36%         3
 Mephitic Cloud           Conj/Pois/Air  7%           38%         3


Dungeon Overview and Level Annotations

Branches:
Dungeon (2/15)

Altars:


Message History

The orc hits you but does no damage.
Casting: Magic Dart (safe; 9% risk of failure)
Confirm with . or Enter, or press ? or * to list all spells.
Aiming: Magic Dart (safe; 9% risk of failure)
Press: ? - help, Shift-Dir - straight line, f/p - orc
Aim: an orc, wielding a +0 dagger and wearing a +0 leather armour (almost dead, 0% to evade)
The magic dart hits the orc but does no damage.
The orc is almost dead.
The orc hits you with a +0 dagger.
You hit the orc but do no damage.
The orc is almost dead.
The orc hits you with a +0 dagger.
* * * LOW HITPOINT WARNING * * *
You barely miss the orc.
The orc is severely wounded.
The orc hits you but does no damage.
You barely miss the orc.
The orc is severely wounded.
The orc barely misses you. The orc hits you with a +0 dagger.
You die...

.....# .# #..#?#
.# #..#.###.####
#. #............
#.##............
...#...†........
#...........###
#....###o####
##....# #@#
#.....# #.#####
#...# #.....#
#...#.#######.#
#.<.#.......#.###
#...# #........#
#...# #.##..####
#..)####.##...##
#........##....#


You could see an orc.

Vanquished Creatures
  A dart slug (D:2)
  A leopard gecko (D:1)
  2 orcs (D:2)
  A giant cockroach (D:1)
  4 goblins
  2 hobgoblins (D:1)
  A quokka (D:2)
  6 bats
  A frilled lizard (D:1)
  3 kobolds (D:1)
  A rat (D:1)
23 creatures vanquished.

Notes
Turn   | Place    | Note
-------+----------+-------------------------------------------
     0 | D:1      | pokeman the Deep Elf Hedge Wizard began the quest for the
                  | Orb.
     0 | D:1      | Reached XP level 1. HP: 10/10 MP: 7/7
   414 | D:1      | Reached XP level 2. HP: 16/16 MP: 5/9
  1095 | D:2      | Reached skill level 5 in Spellcasting
  1274 | D:2      | Reached XP level 3. HP: 12/20 MP: 5/11
  1283 | D:2      | Slain by an orc

Illustrated notes

Levels and vault maps discovered:
D:1:      onia_arrival_mini_maze, layout_basic, minmay_crystal_room,
          minmay_misc_feat_diagonals
D:2:      layout_loops_ring, nicolae_overflow_crystal_walls,
          nicolae_overflow_hidden_temple, makhleb_blood_cavern_becter

Skill      XL: |  1  2 |
---------------+-------+-----
Spellcasting   | 5 |  5.1
Fighting       | |  0.7
Armour         | |  0.7
Dodging        | |  2.4
Stealth        | |  2.4
Conjurations   | |  1.7
Summonings     | |  1.1
Translocations | |  1.1

Action                   || total
-------------------------++-------
Melee: Hand axe          ||     7
 Cast: Magic Dart        ||    71
Armor: Leather armour    ||     3
       Robe              ||     1
Dodge: Dodged            ||    13
